 Dungeon Crawl Stone Soup version 0.28.0 (webtiles) character file.

Game seed: 10689096020508248563

212 ProzacElf the Sneak (level 5, -1/39 (41) HPs)
             Began as a Demonspawn Delver on Feb 13, 2022.
             Slain by a wight (6 damage)
             ... on level 3 of the Dungeon.
             The game lasted 00:07:39 (2735 turns).

ProzacElf the Sneak (Demonspawn Delver)             Turns: 2735, Time: 00:07:40

HP:   -1/39 (41)    AC:  5    Str: 15    XL:     5   Next: 58%
MP:   5/5           EV: 13    Int: 11    God:
Gold: 126           SH:  4    Dex: 14    Spells: 3/4 levels left

rFire   . . .      SeeInvis .   b - +7 dagger of Chagrin {vorpal, Will++}
rCold   . . .      Faith    .   (no shield)
rNeg    . . .      Spirit   .   l - +0 troll leather armour
rPois   +          Reflect  .   (helmet restricted)
rElec   .          Harm     .   (no cloak)
rCorr   .          Rampage  .   (no gloves)
Will    ++...                   z - +0 pair of boots
Stlth   ++........              (no amulet)
HPRegen 0.93/turn               v - ring of poison resistance
MPRegen 0.09/turn               (no ring)

@: lightly drained
A: horns 2, condensation shield
a: no special abilities


You were on level 3 of the Dungeon.
You visited 1 branch of the dungeon, and saw 5 of its levels.

You collected 126 gold pieces.

Inventory:

Hand Weapons
 a - a +0 long sword
 b - the +7 dagger of Chagrin (weapon) {vorpal, Will++}
   (You found it on level 2 of the Dungeon)

   It inflicts extra damage upon your enemies.
   Will:      It greatly increases your willpower.
 h - a +0 falchion
Missiles
 k - 2 poisoned darts (quivered)
 t - a throwing net
Armour
 l - a +0 troll leather armour (worn)
 p - a +0 scale mail
 u - a +0 leather armour
 z - a +0 pair of boots (worn)
Magical Staves
 x - a staff of death
Jewellery
 q - a ring of ice
 v - a ring of poison resistance (left hand)
Wands
 g - a wand of digging (3)
 n - a wand of flame (22)
Scrolls
 c - 2 scrolls of fog
 d - 2 scrolls of magic mapping
 e - a scroll of fear
 i - 2 scrolls of enchant armour {unknown}
 m - a scroll of teleportation {unknown}
 s - 4 scrolls of identify {unknown}
 w - a scroll of vulnerability {unknown}
 y - 2 scrolls of summoning {unknown}
Potions
 f - a potion of haste
 j - a potion of brilliance {unknown}
 o - 2 potions of heal wounds {unknown}
 r - 2 potions of invisibility {unknown}


   Skills:
 - Level 3.0 Fighting
 - Level 1.7 Long Blades
 + Level 3.9 Dodging
 - Level 4.5 Stealth
 + Level 3.7 Evocations


You had 3 spell levels left.
You knew the following spells:

 Your Spells              Type           Power      Damage    Failure   Level
a - Freeze                Ice            0%         1d3       41%         1

Your spell library contained the following spells:

 Spells                   Type           Power      Damage    Failure   Level
 Ensorcelled Hibernation  Hex/Ice        0%         N/A       54%         2
 Sublimation of Blood     Necr           0%         N/A       54%         2
 Dazzling Flash           Conj/Hex       0%         N/A       78%         3
 Frozen Ramparts          Ice            0%         1d2       78%         3
 Spider Form              Tmut/Pois      0%         N/A       78%         3
 Anguish                  Hex/Necr       0%         N/A       99%         4
 Hailstorm                Conj/Ice       0%         3d3       99%         4
 Petrify                  Tmut/Erth      0%         N/A       99%         4
 Agony                    Necr           0%         N/A       100%        5
 Irradiate                Conj/Tmut      0%         3d13      100%        5
 Silence                  Hex/Air        0%         N/A       100%        5


Dungeon Overview and Level Annotations

Branches:
Dungeon (5/15)
 Temple: D:4-7

Altars:
Hepliaklqana
Qazlal

Annotations:
D:4 Menkaure


Innate Abilities, Weirdness & Mutations

You have a pair of horns on your head.
A meltable shield of frost defends you. (SH +4)


Message History

Tha wight be moderately damaged.
Ye block tha wight's attack.
Ye puncture tha wight!
Tha wight be almost destroyed.
Tha wight hits ye wit' a +5 dagger!
Ye take 8 damage, an' haf 28/39 hp.
MASSIVE DAMAGE!!
Ye hit tha wight but do nay damage.
Tha wight be almost destroyed.
Tha wight hits ye wit' a +5 dagger.
Ye feel drain'd.
Ye take 5 damage, an' haf 23/38 hp.
Ye hit tha wight but do nay damage.
Tha wight be almost destroyed.
Tha wight hits ye wit' a +5 dagger.
Ye take 5 damage, an' haf 18/38 hp.
Ye hit tha wight.
Ye destroy tha wight!
Yer life force feels restored.
Thin's tha be 'ere: a +5 dagger; a +0 robe Ye start restin'.
HP restored.
Health restored: 41 Thin's tha be 'ere: a +5 dagger; a +0 robe Thar be a stone staircase leadin' down, spatt'red wit' blood 'ere.
Ye climb downwards.
Thar be a stone staircase leadin' up, spatt'red wit' blood 'ere.
Tha wight misses ye. x2
Thar be a stone staircase leadin' up, spatt'red wit' blood 'ere.
Tha wight hits ye from afar wit' a +3 trident!
Ye take 10 damage, an' haf 31/41 hp.
MASSIVE DAMAGE!!
Ye block tha wight's attack.
Tha wight hits ye wit' a +3 trident.
Thar be a stone staircase leadin' up, spatt'red wit' blood 'ere.
Ye take 3 damage, an' haf 28/41 hp.
Tha wight hits ye from afar wit' a +6 halberd!
* * * LOW HITPOINT WARNIN'
* * * Ye feel drain'd.
* * * LOW HITPOINT WARNIN'
* * * Tha wight hits ye wit' a +3 trident.
Ye die...

##.###.###.......# ..# #.# #.
##.# #.###.#.###.##..# #.# #.
.#.# #.....รท.........# #.######.
.#.#######.#.###.##.##. #........
.#.........#.###.##.##.#######...
.#.#.#######.....##.##.### #...
...#..........##zz.......# #...
.############.##z##......# #...
.## #.##@##......# ###... ..#
..##.........###..... ..###
####.###............. ....#
#.#####.# #.#.#.##......
..########.......###.#.#.##...##.
.....................#.#.......##
#.#################..#.####....#
#.#### #....# #....# .....#
#.#..# #....#


You could see 3 wights.

Vanquished Creatures
  A scorpion (D:3)
  A wight (D:2)
  A hound skeleton (D:4)
  2 adders
  3 gnolls (D:2)
  A worm (D:3)
  3 dart slugs
  2 orcs (D:3)
  6 bats
  3 endoplasms
  A giant cockroach (D:3)
  5 hobgoblins
  3 quokkas
  6 ball pythons
  4 frilled lizards
  4 kobolds
  7 rats
53 creatures vanquished.

Notes
Turn   | Place    | Note
-------+----------+-------------------------------------------
     0 | D:5      | ProzacElf the Demonspawn Delver began the quest for the
                  | Orb.
     0 | D:5      | Reached XP level 1. HP: 18/18 MP: 1/1
    40 | D:4      | Noticed a necrophage
    71 | D:4      | Noticed Menkaure
   446 | D:4      | Reached skill level 1 in Evocations
   446 | D:4      | Gained mutation: You have a pair of small horns on your
                  | head. [demonic ancestry]
   446 | D:4      | Reached XP level 2. HP: 17/24 MP: 2/2
   711 | D:3      | Noticed a wight
   850 | D:3      | Gained mutation: You have a pair of horns on your head.
                  | [demonic ancestry]
   850 | D:3      | Reached XP level 3. HP: 15/29 MP: 3/3
   873 | D:3      | Learned a level 1 spell: Freeze
  1623 | D:2      | Identified the +7 dagger of Chagrin {vorpal, Will++}
  1964 | D:2      | Found a stormy altar of Qazlal.
  2110 | D:2      | Gained mutation: A meltable shield of frost defends you.
                  | (SH +4) [demonic ancestry]
  2110 | D:2      | Reached XP level 4. HP: 35/35 MP: 4/4
  2496 | D:3      | Noticed a scorpion
  2498 | D:3      | Killed a scorpion
  2499 | D:3      | Reached XP level 5. HP: 41/41 MP: 5/5
  2528 | D:3      | Found a hazy altar of Hepliaklqana.
  2596 | D:3      | Found a faded altar of an unknown god.
  2735 | D:3      | Slain by a wight

Illustrated notes

Levels and vault maps discovered:
D:1:      lightli_arrival_statue_moat, layout_loops_cross, kennysheep_crisscross
D:2:      wander_river, layout_loops_ring, basic_altar
D:3:      layout_basic, lemuel_doored_altar, chequers_ecumenical_altar_island
D:4:      layout_basic, kennysheep_big_empty_room, uniq_menkaure
D:5:      layout_rooms, zin_purify

Skill      XL: |  1  2  3  4 |
---------------+-------------+-----
Dodging        | 2 3 |  3.9
Evocations     | 1 2 3 |  3.7
Fighting       | |  3.0
Long Blades    | |  1.7
Stealth        | |  4.5

Action                   |  1- 3 |  4- 6 || total
-------------------------+-------+-------++-------
Melee: Long sword        |    65 |       ||    65
       Headbutt          |    11 |     3 ||    14
       Punch             |     1 |       ||     1
       Dagger            |    16 |    32 ||    48
 Stab: Sleeping          |     8 |     3 ||    11
Armor: Leather armour    |     7 |       ||     7
       Troll leather arm |    14 |       ||    14
Dodge: Dodged            |    43 |    15 ||    58
Block: Other             |       |     2 ||     2
